Map: Alcyone LE

Players

Adams - Winner!

  • Race: Zerg Zerg
  • League: Diamond
  • Spawn Location: 7:00

demzi

  • Race: Zerg Zerg
  • League: Diamond
  • Spawn Location: 1:00

VOD

Have the link to the VOD?

Description

Time

  • Played on: March 24, 2024, 5:24 p.m.
  • Length: 12:29
Show
View Real Time Build Order
Export as new Build Order

Adams Zerg - Winner!

Build Orders: Hatch First 

Get SALT Encoding   

  12  0:00  Drone  
  13  0:13  Overlord  
  13  0:19  Drone  
  14  0:32  Drone x2  
  16  0:36  Drone  
  17  0:53  Hatchery  
  16  0:57  Drone  
  16  1:00  Drone  
  18  1:12  Extractor  
  18  1:16  Spawning Pool  
  16  1:21  Drone x2  
  18  1:31  Drone  
  19  1:41  Drone  
  20  1:54  Overlord  
  20  2:04  Queen  
  20  2:06  Queen  
  20  2:07  Zergling x4  
  26  2:14  Drone  
  27  2:17  Drone  
  28  2:29  Drone x2  
  30  2:34  Drone  
  31  2:42  Hatchery  
  31  2:43  Drone  
  30  3:02  Lair  
  30  3:04  Drone x4  
  34  3:11  Evolution Chamber  
  33  3:13  Drone x2  
  33  3:15  Overlord  
  33  3:19  Roach Warren  
  34  3:22  Extractor  
  34  3:25  Extractor  
  32  3:28  Drone x3  
  35  3:38  Drone x4  
  39  3:49  Drone x2  
  39  3:50  Drone x2  
  43  4:02  Queen  
  45  4:07  Drone x2  
  47  4:10  Overlord  
  47  4:11  Overlord x3  
  47  4:12  Overlord  
  47  4:20  Drone, Extractor  
  47  4:21  Drone x2  
  49  4:24  Glial Reconstitution  
  49  4:41  Overseer  
  49  4:44  Drone  
  50  4:46  Roach x5  
  60  4:57  Roach x4  
  68  5:10  Roach x5  
  78  5:17  Evolution Chamber  
  78  5:18  Evolution Chamber  
  78  5:20  Drone x2  
  78  5:22  Overlord x3  
  78  5:23  Overlord  
  78  5:32  Roach x2, Hatchery  
  81  5:49  Roach x6  
  93  5:51  Zerg Missile Weapons Level 1  
  93  5:58  Drone  
  94  6:05  Zerg Ground Armor Level 1  
  93  6:21  Roach x9  
  111  6:36  Roach  
  111  6:37  Roach x4  
  111  6:38  Overlord x2  
  121  6:51  Roach x3  
  121  6:53  Overlord x2  
  127  7:23  Roach x12  
  127  7:29  Roach x4  
  151  7:40  Drone x2  
  151  7:41  Drone x5  
  158  7:57  Roach  
  160  7:58  Overlord  
  160  7:59  Overlord x4  
  160  8:04  Zerg Missile Weapons Level 2  
  160  8:18  Drone  
  160  8:19  Roach x2  
  173  8:20  Roach x4  
  173  8:25  Zerg Ground Armor Level 2  
  167  8:38  Spore Crawler  
  167  8:39  Spore Crawler  
  165  8:41  Hydralisk Den  
  165  8:43  Spore Crawler  
  165  8:45  Spore Crawler  
  138  8:56  Drone x2  
  138  8:57  Drone x3  
  138  8:59  Drone x3  
  138  9:01  Drone  
  138  9:02  Drone  
  140  9:03  Spore Crawler  
  140  9:05  Drone, Spore Crawler  
  140  9:06  Drone x2  
  140  9:08  Spore Crawler  
  140  9:11  Spore Crawler  
  140  9:12  Spore Crawler  
  136  9:20  Hydralisk x3  
  140  9:31  Queen  
  140  9:32  Queen  
  140  9:35  Hydralisk x2  
  143  9:43  Hydralisk x3  
  149  9:56  Drone x3  
  152  10:03  Hydralisk  
  152  10:04  Hydralisk x2  
  158  10:07  Overseer, Hatchery  
  158  10:12  Hydralisk x3  
  163  10:25  Hydralisk x4  
  171  10:33  Tunneling Claws  
  171  10:34  Burrow  
  171  10:43  Hydralisk x5  
  171  10:47  Drone  
  182  11:05  Hydralisk x5  
  192  11:24  Drone x8  
  158  12:05  Roach x3  
  158  12:06  Roach x18  
Show
View Real Time Build Order
Export as new Build Order

demzi Zerg 

Build Orders: Hatch First 

Get SALT Encoding   

  12  0:00  Drone  
  13  0:12  Overlord  
  13  0:16  Drone  
  14  0:31  Drone x2  
  16  0:49  Hatchery  
  15  0:51  Drone  
  15  0:56  Drone  
  17  0:59  Drone  
  18  1:08  Extractor  
  17  1:16  Spawning Pool  
  16  1:18  Drone  
  16  1:22  Drone  
  18  1:28  Drone  
  19  1:42  Drone  
  20  1:50  Overlord  
  20  2:03  Queen x2  
  20  2:04  Zergling x4  
  26  2:13  Drone x2  
  28  2:25  Drone x2  
  30  2:32  Drone  
  30  2:34  Drone  
  32  2:40  Spine Crawler  
  32  2:43  Drone  
  32  2:44  Overlord  
  32  2:55  Drone x2  
  33  3:10  Roach Warren  
  33  3:12  Evolution Chamber  
  31  3:15  Evolution Chamber  
  31  3:19  Drone x3  
  33  3:20  Drone x5  
  38  3:29  Drone x2  
  40  3:36  Drone x2  
  42  3:52  Drone x2, Extractor  
  42  3:53  Drone  
  42  3:54  Extractor  
  42  3:55  Overlord x2  
  43  4:12  Zerg Missile Weapons Level 1  
  43  4:17  Drone x3  
  46  4:27  Roach  
  46  4:28  Roach x2  
  46  4:30  Roach  
  54  4:34  Overlord x6  
  54  4:48  Zerg Ground Armor Level 1  
  55  4:52  Drone  
  55  4:53  Extractor, Drone  
  55  4:55  Drone x2  
  57  5:00  Roach x3  
  57  5:01  Roach  
  57  5:04  Roach  
  67  5:15  Roach x2  
  67  5:16  Roach  
  73  5:23  Lair  
  73  5:27  Roach x2  
  77  5:30  Roach  
  77  5:32  Roach  
  81  5:45  Roach x4  
  81  5:46  Roach  
  91  6:11  Roach x7  
  93  6:12  Roach  
  93  6:13  Overlord  
  107  6:25  Overlord x2, Spire  
  107  6:31  Glial Reconstitution  
  106  6:39  Hatchery  
  105  6:44  Drone x4  
  109  7:04  Overlord x5  
  104  7:41  Mutalisk x3  
  104  7:42  Mutalisk x4  
  104  7:43  Mutalisk  
  120  7:55  Drone x6  
  120  7:56  Queen  
  128  8:00  Mutalisk  
  128  8:01  Mutalisk  
  132  8:18  Mutalisk  
  134  8:20  Mutalisk  
  118  8:51  Mutalisk x3  
  100  9:06  Mutalisk x2  
  76  9:41  Zergling x24  
  76  9:42  Zergling x20  
  90  9:48  Baneling Nest  
  89  9:54  Extractor, Drone x3  
  89  9:55  Extractor  
  90  10:13  Roach  
  98  10:14  Roach x3  
  98  10:24  Zergling x2  
  98  10:25  Zergling x20  
  109  10:31  Baneling x14  
  109  10:32  Baneling x17  
  109  10:34  Baneling  
  109  10:48  Zergling x12  
  115  10:53  Drone x7  
  122  11:09  Centrifugal Hooks  
  122  11:10  Zergling x8  
  126  11:15  Zergling x8  
  126  11:17  Zergling x8  
  92  11:47  Zergling x2  
  92  11:48  Zergling x30  
  81  12:07  Baneling x11  
  81  12:08  Baneling x21  
  81  12:12  Zergling x2  
Tags
 
Matchup
ZvZ
Race
Zerg
Replay Pack
Multiplayer
Spawn Locations
Cross Positions
Add a new tag
Caveats
  • Supply blocks, unpowered buildings, or Contaminate may cause inaccurate times.
  • Supply counts are checked every 10 seconds.